 Dungeon Crawl Stone Soup version 0.25-a0-670-g50981ef59b (webtiles) character file.

Game seed: 15802497318296774052, levelgen mode: deterministic

4 sanka the Scratcher (level 1, -1/10 HPs)
             Began as a Felid Wanderer on Mar 29, 2020.
             Slain by a jackal (2 damage)
             ... on level 1 of the Dungeon.
             The game lasted 00:00:33 (143 turns).

sanka the Scratcher (Felid Wanderer)                 Turns: 143, Time: 00:00:33

Health: -1/10      AC:  1    Str:  9    XL:     1   Next: 58%
Magic:  2/2        EV: 15    Int: 14    God:
Gold:   0          SH:  0    Dex: 13    Spells: 0/0 levels left
                                        Lives:  0   Deaths: 0

rFire    . . .     SeeInvis +     - Unarmed
rCold    . . .     Gourm    .   (shield unavailable)
rNeg     . . .     Faith    .   (armour unavailable)
rPois    .         Spirit   .   (helmet unavailable)
rElec    .         Reflect  .   (cloak unavailable)
rCorr    .         Harm     .   (gloves unavailable)
MR       .....                  (boots unavailable)
Stlth    ++........             (no amulet)
HPRegen  0.03/turn              (no ring)
MPRegen  0.08/turn              (no ring)

@: quick
A: very small, no armour, no weapons or thrown items, stealth, claws 1, fangs 3,
see invisible, carnivore, speed 1, shaggy fur 1, slow metabolism 1, sharp paws
a: no special abilities


You were on level 1 of the Dungeon.
You were not hungry.

You visited 1 branch of the dungeon, and saw 1 of its levels.


Innate Abilities, Weirdness & Mutations

You cannot wear armour.
You are incapable of wielding weapons or throwing items.
Your paws allow you to move quietly. (Stealth)
You have sharp claws.
You have razor-sharp teeth.
You have supernaturally acute eyesight. (SInv)
You are carnivorous and can eat meat at any time.
You cover ground quickly.
You are covered in fur. (AC +1)
You have a slow metabolism.
Your sharp claws are effective at attacking unaware monsters.


   Skills:
 - Level 3.0 Fighting
 - Level 1.3 Stealth
 + Level 5.2 Unarmed Combat
   Level 1.1 Evocations


You couldn't memorise any spells.
You didn't know any spells.
Your spell library was empty.

Inventory:

Scrolls
 a - a scroll of fear
 b - 3 scrolls of blinking
 d - a scroll of teleportation {@r4}
Potions
 c - a potion of lignification {!q}
Comestibles
 f - a ration

Dungeon Overview and Level Annotations

Branches:
Dungeon (1/15)

Altars:

▒▒▒▒▒▒▒ ▒.....▒▒▒▒▒▒▒▒
▒.▒...▒▒.....▒
▒.▒.≈.▒▒.....▒
▒h▒.≈.▒▒.....▒ ▒▒▒▒▒
▒.▒.r..'.....▒
....▒▒▒▒▒▒▒▒.▒.hh▒▒.....▒
........h..r.▒...▒▒.....▒
......r..▒▒▒▒▒...▒▒..<..▒
.........▒ ▒.8.▒▒.....▒
.....▒▒▒▒▒ ▒...▒▒▒▒▒▒▒▒
▒▒▒..▒ ▒▒▒▒▒ ▒..▒ ▒▒▒..▒
g....▒


You could see a jackal and a rat.


Message History

The jackal bites you but does no damage.
You claw the jackal!
You kill the jackal!
The jackal pauses to sniff the ground.
Found a stone staircase leading down.
Found a leather armour.
Found 2 scrolls of blinking.
b - 3 scrolls of blinking (gained 2)
You barely miss the jackal. Your bite misses the jackal. The jackal misses you.
You scratch the jackal but do no damage.
The jackal misses you. The jackal closely misses you.
You scratch the jackal but do no damage.
The jackal closely misses you.
You barely miss the jackal. The jackal closely misses you.
You scratch the jackal.
The jackal is severely wounded.
The jackal closely misses you.
You completely miss the jackal.
The jackal is severely wounded.
The jackal barely misses you. The jackal bites you.
* * * LOW HITPOINT WARNING * * *
You barely miss the jackal.
The jackal is severely wounded.
The jackal bites you.
You die...

Action                   || total
-------------------------++-------
Melee: Unarmed           ||    18
       Bite              ||     1
Armor: Skin              ||     1
Dodge: Dodged            ||    20

Levels and vault maps discovered:
D:1:      dpeg_arrival_rooms_c, layout_basic, minmay_misc_feat_enclosed

Notes
Turn   | Place    | Note
-------+----------+-------------------------------------------
     0 | D:1      | sanka the Felid Wanderer began the quest for the Orb.
     0 | D:1      | sanka set off with the following items: a scroll of fear, a
                  | scroll of blinking, a potion of lignification {!q}, a
                  | scroll of teleportation {@r4}, a ration
     0 | D:1      | Reached XP level 1. HP: 10/10 MP: 2/2
    73 | D:1      | HP: 1/10 [jackal (2)]
   137 | D:1      | HP: 1/10 [jackal (2)]
   143 | D:1      | Slain by a jackal

Vanquished Creatures
  A giant cockroach (D:1)
  2 jackals (D:1)
  A frilled lizard (D:1)
4 creatures vanquished.
